 Dungeon Crawl Stone Soup version 0.21-a0-581-gb7d493ddfc (webtiles) character file.

319624 RKaid the Warrior (level 21, -18/134 HPs)
             Began as a Tengu Air Elementalist on Dec 16, 2017.
             Was a High Priest of Sif Muna.
             Killed from afar by a deep elf annihilator (27 damage)
             ... with a bolt of lightning
             ... on level 2 of the Elven Halls on Dec 19, 2017.
             The game lasted 04:42:54 (69940 turns).

RKaid the Warrior (Tengu Air Elementalist)         Turns: 69940, Time: 04:42:54

Health: -18/134    AC: 19    Str: 10    XL:     21   Next: 48%
Magic:  32/35      EV: 27    Int: 24    God:    Sif Muna [*****.]
Gold:   2325       SH: 15    Dex: 21    Spells: 9/46 levels left

rFire    + . .     SeeInvis .   a - +8 demon trident (elec)
rCold    + . .     Gourm    .   Z - +2 shield {reflect}
rNeg     . . .     Faith    .   m - +0 leather armour "Nougios" {rPois rF+ rC+ Dex+2}
rPois    +         Spirit   .   K - +2 hat {MR+}
rElec    .         Reflect  +   e - +2 cloak {+Inv}
rCorr    .         Harm     .   F - +3 pair of gauntlets of War {Slay+5}
MR       ++...     Clarity  +   (boots unavailable)
Stlth    ++........             (no amulet)
HPRegen  0.32/turn              I - +5 ring of slaying
MPRegen  0.24/turn              P - +3 ring of protection

@: flying quickly and evasively, drained, divine energy, quick
A: beak, talons 3, icy blue scales 1, agile 2, blink, clarity, low mp 1, wild
magic 1, able to fly 2
}: 2/15 runes: barnacled, gossamer
a: Stop Flying, Blink, Stop Divine Energy, Channel Magic, Forget Spell, Renounce
Religion, Evoke Invisibility


You were on level 2 of the Elven Halls.
You worshipped Sif Muna.
Sif Muna was extremely pleased with you.
You were not hungry.

You visited 8 branches of the dungeon, and saw 37 of its levels.
You visited 1 bazaar.
You also visited: Bailey.

You collected 4176 gold pieces.
You spent 1851 gold pieces at shops.

Inventory:

Hand Weapons
 a - a +8 demon trident of electrocution (weapon)
   (You took it off a merfolk impaler on level 1 of the Shoals)
 b - the +10 falchion of Sin {slice, Int+2 Dex+4}
   (You found it on level 9 of the Dungeon)

   It inflicts extra damage upon your enemies.
   It affects your intelligence (+2).
   It affects your dexterity (+4).
Missiles
 q - 11 throwing nets {=f}
Armour
 e - a +2 cloak of invisibility (worn)
   (You found it on level 4 of the Shoals)
 g - a +2 troll leather armour {Snorg}
   (You found it on level 11 of the Dungeon)
 m - the +0 leather armour "Nougios" (worn) {rPois rF+ rC+ Dex+2}
   (You took it off a deep elf archer on level 1 of the Vaults)

   It affects your dexterity (+2).
   It protects you from fire.
   It protects you from cold.
   It protects you from poison.
 E - the +2 hat "Hufewuat" {rN++ rCorr}
   (You acquired it on level 1 of the Shoals)

   It greatly protects you from negative energy.
   It protects you from acid and corrosion.
 F - the +3 pair of gauntlets of War (worn) {Slay+5}
   (You found it on level 4 of the Shoals)

   It affects your accuracy and damage with ranged weapons and melee attacks
   (+5).
 K - a +2 hat of magic resistance (worn)
   (You acquired it on level 3 of the Lair of Beasts)
 Z - a +2 shield of reflection (worn)
   (You took it off Donald on level 4 of the Spider Nest)
Magical Staves
 w - an uncursed staff of poison {rPois}
   (You took it off Arachne on level 2 of the Spider Nest)
 M - an uncursed staff of power {MP+17, !a}
   (You found it on level 13 of the Dungeon)
Jewellery
 k - an uncursed ring of fire {rF+, rC-}
   (You took it off an orc priest on level 9 of the Dungeon)
 r - the ring "Casku Haano" {rPois Int+2}
   (You bought it in a shop on level 2 of the Orcish Mines)

   [ring of poison resistance]

   It affects your intelligence (+2).
   It protects you from poison.
 I - a +5 ring of slaying (left hand)
   (You found it on level 5 of the Lair of Beasts)
 L - an uncursed ring of see invisible {sInv}
   (You found it on level 4 of the Lair of Beasts)
 P - a +3 ring of protection (right hand)
   (You found it on level 13 of the Dungeon)
 Q - an uncursed ring of ice {rC+, rF-}
   (You found it on level 10 of the Dungeon)
 R - a +5 ring of intelligence
   (You found it on level 3 of the Shoals)
Wands
 A - a wand of acid (10)
   (You found it on level 6 of the Dungeon)
 D - a wand of digging (38)
   (You bought it in a shop in a bazaar)
 O - a wand of enslavement (15)
   (You found it on level 4 of the Spider Nest)
 T - a wand of iceblast (12)
   (You found it on level 3 of the Shoals)
 W - a wand of paralysis (9)
   (You found it on level 10 of the Dungeon)
Scrolls
 i - 8 scrolls of identify
 l - a scroll of blinking {!r}
 n - a scroll of fear
 o - 12 scrolls of remove curse
 t - 7 scrolls of teleportation
 u - 8 scrolls of enchant armour
 B - 2 scrolls of fog
 G - 5 scrolls of magic mapping {!r}
 J - 2 scrolls of holy word {!r}
 N - 5 scrolls of vulnerability {!r!r}
 S - a scroll of acquirement
 U - a scroll of silence
Potions
 c - 11 potions of curing
 d - 6 potions of brilliance
 f - 4 potions of lignification {!q}
 p - 7 potions of might
 s - 2 potions of cancellation
 x - 6 potions of berserk rage {!q}
 y - a potion of invisibility
 z - 6 potions of haste
 C - 7 potions of resistance
 H - 8 potions of agility
 X - 8 potions of ambrosia
Books
 h - Sif Muna's Catalogue of Enchanting Dislocation
   (Sif Muna gifted it to you on level 1 of the Elven Halls)

   Spells                             Type                      Level
   a - Blink                          Translocation                2
   b - Dazzling Spray                 Conjuration/Hexes            3
   c - Portal Projectile              Hexes/Translocation          3
   d - Force Lance                    Conjuration/Translocation    4
   e - Summon Mana Viper              Hexes/Summoning              5
   f - Darkness                       Hexes                        6
 v - a book of Beasts
   (You found it on level 2 of the Elven Halls)
Miscellaneous
 V - a sack of spiders
Comestibles
 j - 23 rations


   Skills:
 - Level 15.0(14.5) Fighting
 - Level 9.0(8.5) Long Blades
 + Level 11.8(11.3) Polearms
 - Level 13.3(12.8) Armour
 - Level 13.3(12.8) Dodging
 - Level 2.0(1.6) Stealth
 * Level 14.9(14.4) Shields
 + Level 13.2(12.7) Spellcasting
 - Level 12.0(11.5) Conjurations
 - Level 2.0(1.7) Charms
 - Level 2.0(1.6) Summonings
 - Level 4.0(3.6) Translocations
 - Level 14.0(13.5) Air Magic
 - Level 7.5(7.0) Poison Magic
 - Level 10.0(9.5) Invocations


You had 9 spell levels left.
You knew the following spells:

 Your Spells              Type           Power        Failure   Level  Hunger
a - Shock                 Conj/Air       ####         1%          1    None
b - Static Discharge      Conj/Air       #######.     1%          3    None
c - Airstrike             Air            #######...   1%          4    None
d - Lightning Bolt        Conj/Air       #######...   1%          5    ###....
e - Summon Lightning Spi  Summ/Air       ######..     4%          4    None
f - Poisonous Vapours     Pois/Air       ######       1%          2    None
g - Mephitic Cloud        Conj/Pois/Air  ######..     1%          3    None
h - Olgreb's Toxic Radia  Pois           ######..     4%          4    None
A - Song of Slaying       Chrm           ####....     7%          2    None
B - Shroud of Golubria    Chrm/Tloc      #####.....   4%          2    None
C - Regeneration          Chrm/Necr      ####......   16%         3    None
D - Passage of Golubria   Tloc           N/A          17%         4    None


Dungeon Overview and Level Annotations

Branches:
Dungeon (15/15)            Temple (1/1) D:7            Lair (6/6) D:10
 Shoals (4/4) Lair:3       Spider (4/4) Lair:4        Slime (0/5) Lair:6
    Orc (2/2) D:9             Elf (3/3) Orc:2        Vaults (2/5) D:14
 Depths (0/5) D:15
  Crypt: Vaults:2-3

Altars:
Ashenzari
Cheibriados
Dithmenos
Elyvilon
Fedhas
Gozag
Hepliaklqana
Kikubaaqudgha
Makhleb
Nemelex Xobeh
Okawaru
Qazlal
Ru
Sif Muna
Trog
Uskayaw
Vehumet
Wu Jian
Xom
Yredelemnul
Zin
The Shining One
Beogh
Jiyva

Shops:
D:6 %!}!*   D:11 *   Orc:2 **[=   Shoals:3 ?*

Annotations:
D:6 exclusion: Prince Ribbit, Prince Ribbit
D:8 Megalobster's ghost, novice TrMo
Lair:6 1 runed door
Orc:2 1 exclusion
Elf:2 3 runed doors
Elf:3 3 exclusions
Vaults:2 Sojobo


Innate Abilities, Weirdness & Mutations

You have a beak for a mouth.
You have claws for feet.
You can fly continuously.
You are partially covered in icy blue scales. (AC +2)
You are very agile. (Dex +4)
You can translocate small distances at will.
You possess an exceptional clarity of mind.
Your magical capacity is low. (-10% MP)
Your spells are a little harder to cast, but a little more powerful.


Message History

The deep elf death mage misses you.
The deep elf annihilator casts a spell at you.
Your +2 shield of reflection reflects the crystal spear!
The crystal spear hits the deep elf annihilator.
Items here: $ )) = [ | †
Casting: Lightning Bolt
Confirm with . or Enter, or press ? or * to list all spells.
Aiming: Lightning Bolt
Press: ? - help, Shift-Dir - straight line, f - deep elf death mage
Aim: a deep elf death mage, wielding a rapier of draining and wearing a leather armour You miscast Lightning Bolt.
Sif Muna protects you from the effects of your miscast!
The deep elf annihilator mumbles some strange words.
The deep elf annihilator blinks!
The deep elf death mage barely misses you.
The deep elf annihilator casts a spell.
The deep elf annihilator blinks!
Casting: Lightning Bolt
Confirm with . or Enter, or press ? or * to list all spells.
Aiming: Lightning Bolt
Press: ? - help, Shift-Dir - straight line, f - deep elf annihilator, p - deep elf death mage
Aim: a deep elf annihilator, wielding a long sword of holy wrath
Okay, then.
Evoke which item? (* to show all) (? for menu, Esc to quit)
Aiming: Dig
Press: ? - help, Shift-Dir - straight line, p - deep elf death mage The rock shatters into small pieces.
You block the deep elf death mage's attack.
Casting: Lightning Bolt
Confirm with . or Enter, or press ? or * to list all spells.
Aiming: Lightning Bolt
Press: ? - help, Shift-Dir - straight line, f - deep elf annihilator
Aim: a deep elf annihilator, wielding a long sword of holy wrath You hear a mighty clap of thunder!
The bolt of lightning misses the deep elf death mage.
The bolt of lightning misses the deep elf annihilator.
The bolt of lightning hits the deep elf annihilator.
You barely miss the deep elf death mage.
The deep elf death mage hits you but does no damage.
You feel drained.
The deep elf annihilator casts a spell.
The deep elf annihilator blinks!
The deep elf annihilator casts a spell.
The deep elf annihilator blinks!
There is a stone staircase leading up here.
The deep elf death mage hits you with a rapier of draining.
You feel drained.
You fly upwards.
Level annotation: 3 runed doors
There is a stone staircase leading down here.
You closely miss the deep elf death mage.
You puncture the deep elf death mage!
Your kick misses the deep elf death mage.
The deep elf death mage gestures at you while chanting.
The bolt of negative energy misses you.
You puncture the deep elf death mage! You claw the deep elf death mage!
You block the deep elf death mage's attack.
You impale the deep elf death mage!!
You kill the deep elf death mage!
Sif Muna accepts your kill.
Things that are here:
a rapier of draining; a leather armour Unknown command.
You start resting.
Eating one of 8 chunks of flesh.
You eat one of the 8 chunks of flesh.
This raw flesh tastes terrible.
Some of the chunks of flesh in your inventory have rotted away.
All of the chunks of flesh in your inventory have rotted away.
There is a stone staircase leading down here.
You fly downwards.
Level annotation: 3 exclusions The deep elf annihilator points at you and mumbles some strange words.
The bolt of lightning hits you!
There is a stone staircase leading up here.
The deep elf annihilator points at you and mumbles some strange words.
The iron shot hits you!
You block the deep elf annihilator's attack.
You fly upwards.
Level annotation: 3 runed doors
There is a stone staircase leading down here.
Casting: Lightning Bolt
Confirm with . or Enter, or press ? or * to list all spells.
Aiming: Summon Lightning Spire
Press: ? - help, Dir - move target cursor An electric hum fills the air.
The deep elf annihilator casts a spell at you.
The crystal spear hits you!
* * * LOW HITPOINT WARNING * * *
Your lightning spire shoots out a bolt of lightning at the deep elf annihilator!
The bolt of electricity hits the deep elf annihilator. x2
The bolt of electricity hits your lightning spire.
Your lightning spire completely resists.
The deep elf annihilator hits your lightning spire with a long sword of holy wrath.
The deep elf annihilator points at you and mumbles some strange words.
The iron shot hits your lightning spire.
There is a stone staircase leading up here.
The deep elf annihilator gestures at you while chanting.
The bolt of lightning hits your lightning spire.
Your lightning spire completely resists.
The bolt of lightning hits you!
You die...

#.#.........# ###(..
#.#.........# #.)...
#####.#..[.8....############)....
.....('......>).'...[..)).)).).).
#####)#.........############.)...
#.)###.....'## ##.)(.. #[##
##.[####### ##'##>.. ##)#
#..###...## ##.###### ###()#
##.##8.@.8## ##.## ##..##
#.#.[8....####.## '#.(#
#.#(e.8.<.#.#'##
#...#######.#...)...#...#
(....'......##8...8##...#
.....######..##...##....# .....#
##..##.####.### ###### ##....#
### ######


You could see a deep elf annihilator and a friendly lightning spire.

Vanquished Creatures
  Arachne (Spider:2)
  Jorgrun (Shoals:2)
  Asterion (Spider:1)
  Rupert (Lair:3)
  A kraken (Shoals:2)
  Polyphemus (Shoals:4)
  A deep elf blademaster (Elf:3)
  Kirke (Shoals:4)
  Ilsuiw (Shoals:4)
  A frost giant (Vaults:1)
  5 vault wardens
  An orc warlord (Orc:2)
  4 ghost moths
  2 emperor scorpions
  8 ironheart preservers
  A stone giant (Orc:2)
  3 entropy weavers
  Nessos (D:13)
  A deep elf demonologist (Vaults:2)
  Azrael (Spider:1)
  A deep elf annihilator (Elf:3)
  Snorg (D:11)
  The ghost of dricus the Cleaver, a journeyman DDFi of Makhleb (Lair:6)
  4 merfolk javelineers
  8 merfolk impalers
  Josephine (D:15)
  2 deep elf death magi
  2 ettins
  A fire dragon (Lair:6)
  A yaktaur captain (D:15)
  An ice dragon (Vaults:1)
  4 rakshasas
  Harold (D:10)
  2 vault guards (Vaults:1)
  3 catoblepae
  7 hydras
  2 merfolk avatars
  3 satyrs
  3 centaur warriors
  The ghost of RKaid the Tainter, a novice NaVM of Cheibriados (D:9)
  An alligator snapping turtle (Shoals:3)
  15 dancing weapons
  5 ogre magi
  8 death yaks
  3 merfolk aquamancers
  21 two-headed ogres
  A deep troll shaman (Vaults:1)
  3 deep troll earth magi (Vaults:1)
  An orc high priest (Orc:1)
  20 deep elf knights
  9 skeletal warriors
  A glowing orange brain (Vaults:2)
  5 deep trolls
  9 sea snakes
  13 orc knights
  A wizard (Vaults:1)
  10 harpies
  A necromancer (Vaults:1)
  11 deep elf archers
  5 ironbrand convokers
  31 wolf spiders
  A lindwurm (Lair:6)
  12 orb spiders
  53 deep elf magi
  4 orc sorcerers
  12 fauns
  14 cyclopes
  8 black mambas
  Maurice (D:12)
  12 manticores
  26 ugly things
  11 merfolk sirens
  3 elephants
  A centaur zombie (D:12)
  A guardian serpent (shapeshifter) (Vaults:1)
  5 water nymphs
  3 vault sentinels
  2 molten gargoyles (Lair:6)
  Joseph (D:9)
  A gargoyle (D:14)
  9 spiny frogs
  2 torpor snails (Spider:2)
  5 centaur skeletons
  2 rime drakes
  4 freezing wraiths
  A komodo dragon (shapeshifter) (D:15)
  A kobold demonologist (D:15)
  8 komodo dragons
  6 yaktaurs
  4 demonic crawlers
  3 tengu conjurers (D:15)
  3 meliai (D:13)
  25 merfolk
  5 wind drakes
  18 trolls
  2 polar bears (Lair:4)
  10 hornets
  11 slime creatures
  26 jumping spiders
  8 dream sheep
  12 hippogriffs
  4 snapping turtles
  17 water elementals
  A stone giant simulacrum (Vaults:1)
  62 redbacks
  2 shadows
  5 wraiths
  27 tarantellas
  5 wyverns
  4 air elementals
  6 basilisks
  16 humans
  21 yaks
  An elf skeleton (Vaults:1)
  2 hungry ghosts
  5 fire elementals
  2 hogs (Shoals:4)
  3 steam dragons
  4 vampire mosquitoes (D:15)
  A human simulacrum (Vaults:1)
  9 wargs
  Edmund (D:5)
  A soldier ant (shapeshifter) (D:15)
  A soldier ant (D:11)
  5 acid dragons
  5 hell hounds
  13 water moccasins
  8 porcupines
  An ogre skeleton (Vaults:1)
  An ogre zombie (Vaults:1)
  43 orc warriors
  10 ice beasts
  5 sky beasts
  A phantom (D:7)
  2 necrophages
  7 boggarts
  5 black bears
  36 ogres
  18 centaurs
  A big kobold (D:9)
  11 crocodiles
  A bullfrog (shapeshifter) (Vaults:1)
  12 bullfrogs
  A gnoll sergeant (D:9)
  A wyvern zombie (D:10)
  6 scorpions
  3 wyvern skeletons
  23 killer bees
  5 wights
  4 electric eels
  8 crimson imps
  4 bullfrog zombies
  A gnoll shaman (Orc:2)
  4 lava snakes (Lair:6)
  A quasit (D:13)
  6 hounds
  3 jellies
  12 orc priests
  A bullfrog skeleton (D:10)
  29 orc wizards
  4 iguanas
  7 worker ants
  A hound zombie (D:10)
  A hound skeleton (D:6)
  3 mummies (D:10)
  2 worker ant zombies
  12 adders
  19 gnolls
  2 shadow imps
  2 oozes
  4 worms
  5 dart slugs
  4 leopard geckos
  103 orcs
  4 bats
  5 giant cockroaches
  10 hobgoblins
  10 jackals
  6 quokkas
  3 ball pythons
  2 ball python zombies (D:5)
  5 frilled lizards
  9 goblins
  12 kobolds
  2 quokka skeletons
  2 quokka zombies (D:10)
  6 rats (D:1)
  A bush (D:7)
  A fungus (Lair:5)
  A plant (Shoals:3)
  2 tentacles (Shoals:2)
1343 creatures vanquished.

Vanquished Creatures (collateral kills)
  Agnes (Elf:1)
  Donald (Spider:4)
  2 emperor scorpions (Spider:4)
  An ironheart preserver (Vaults:1)
  2 merfolk impalers
  3 merfolk javelineers
  An ice dragon (Vaults:1)
  A merfolk avatar (Shoals:3)
  2 merfolk aquamancers (Shoals:4)
  An alligator snapping turtle (Shoals:1)
  A deep troll earth mage (Vaults:1)
  A death yak (Shoals:3)
  2 sea snakes
  2 deep trolls (Vaults:1)
  A wizard (Vaults:2)
  6 deep elf archers
  An orc knight (Vaults:2)
  4 orb spiders (Spider:4)
  10 deep elf magi
  An orc sorcerer (Vaults:1)
  6 fauns
  A cyclops (Shoals:1)
  2 ugly things (Vaults:1)
  11 manticores
  A merfolk siren (Shoals:3)
  A water nymph (Shoals:3)
  A yaktaur (Vaults:1)
  A troll (Vaults:1)
  3 jumping spiders (Spider:4)
  3 wind drakes
  10 merfolk
  A snapping turtle (Shoals:4)
  4 redbacks (Spider:4)
  2 water elementals (Shoals:1)
  A hog (Shoals:4)
  An acid dragon (Vaults:1)
  2 orc warriors
  2 ogres (Vaults:2)
  A centaur (Shoals:2)
  3 orcs
101 creatures vanquished.

Vanquished Creatures (others)
  A merfolk javelineer (Shoals:4)
  A yaktaur captain (Vaults:2)
  2 deep elf archers
  2 fauns
  2 deep elf magi (Elf:3)
  A manticore (Shoals:4)
  3 yaktaurs
  2 merfolk
  A hornet (Spider:3)
  A raiju (shapeshifter) (Vaults:2)
  A redback (Spider:2)
  A human (Shoals:4)
  A hog (Shoals:4)
  8 fungi
  27 plants
  5 spectral weapons
  14 tentacles (Shoals:2)
73 creatures vanquished.

Grand Total: 1517 creatures vanquished

Notes
Turn   | Place    | Note
-------+----------+-------------------------------------------
     0 | D:1      | RKaid the Tengu Air Elementalist began the quest for the Orb.
     0 | D:1      | Reached XP level 1. HP: 10/10 MP: 4/4
   190 | D:1      | Reached skill level 2 in Conjurations
   190 | D:1      | Reached XP level 2. HP: 11/15 MP: 0/6
   567 | D:1      | Reached XP level 3. HP: 19/19 MP: 4/7
  1517 | D:2      | Reached skill level 3 in Conjurations
  1926 | D:2      | Reached skill level 5 in Air Magic
  2122 | D:2      | Reached XP level 4. HP: 24/24 MP: 4/8
  2394 | D:2      | Found a stormy altar of Qazlal.
  2488 | D:3      | Found a glowing golden altar of the Shining One.
  2984 | D:3      | Reached skill level 4 in Conjurations
  2984 | D:3      | Gained mutation: You can fly. [Tengu growth]
  2984 | D:3      | Reached XP level 5. HP: 28/28 MP: 6/10
  2990 | D:3      | Found a shimmering altar of Xom.
  3551 | D:3      | Learned a level 3 spell: Static Discharge
  3557 | D:3      | Learned a level 4 spell: Airstrike
  3633 | D:3      | HP: 7/28 [scorpion (7)]
  3642 | D:3      | Reached skill level 3 in Spellcasting
  3642 | D:3      | Reached skill level 6 in Air Magic
  3917 | D:4      | Reached skill level 5 in Conjurations
  3917 | D:4      | Reached XP level 6. HP: 32/32 MP: 2/11
  4868 | D:5      | Entered Level 5 of the Dungeon
  5149 | D:5      | Reached skill level 7 in Air Magic
  5149 | D:5      | Reached XP level 7. HP: 36/36 MP: 4/13
  5265 | D:5      | Reached skill level 6 in Conjurations
  5367 | D:5      | Found a glowing silver altar of Zin.
  5387 | D:5      | Got a polished quarterstaff
  5390 | D:5      | Identified the +1 quarterstaff of Gloom {freeze, +Rage MR+} (You found it on level 5 of the Dungeon)
  5407 | D:5      | Found a shattered altar of Ashenzari.
  5601 | D:5      | Noticed Edmund
  5986 | D:5      | Killed Edmund
  5986 | D:5      | Reached skill level 7 in Conjurations
  5986 | D:5      | Reached skill level 8 in Air Magic
  6205 | D:6      | Noticed Prince Ribbit
  6408 | D:6      | Found Voimaff's Assorted Antiques.
  6415 | D:6      | Reached skill level 4 in Spellcasting
  6415 | D:6      | Reached XP level 8. HP: 41/41 MP: 8/15
  6575 | D:6      | Found Noivieb's Gadget Emporium.
  6589 | D:6      | Found Ipal's Distillery.
  6652 | D:6      | Found Qohid's Food Shoppe.
  6764 | D:6      | Found Furamuiv's Distillery.
  6884 | D:6      | Learned a level 5 spell: Lightning Bolt
  6940 | D:7      | Reached skill level 8 in Conjurations
  6940 | D:7      | Reached skill level 9 in Air Magic
  7188 | D:7      | Found a staircase to the Ecumenical Temple.
  7357 | D:7      | Reached skill level 9 in Conjurations
  7625 | D:7      | Reached skill level 10 in Air Magic
  7625 | D:7      | Reached XP level 9. HP: 45/45 MP: 10/17
  7702 | D:7      | Reached skill level 5 in Spellcasting
  7947 | Temple   | Entered the Ecumenical Temple
  8063 | Temple   | Became a worshipper of Sif Muna the Loreminder
  8393 | D:7      | Found a hazy altar of Hepliaklqana.
  8507 | D:8      | Noticed Megalobster's ghost (novice TrMo)
  8760 | D:8      | Gained mutation: You are agile. (Dex +2) [mutagenic meat]
  8761 | D:8      | Gained mutation: You evolve. [mutagenic meat]
  8808 | D:8      | Reached skill level 10 in Conjurations
  9128 | D:8      | Reached skill level 1 in Fighting
  9756 | D:8      | Reached skill level 3 in Dodging
  9793 | D:8      | Found a shadowy altar of Dithmenos.
  9793 | D:8      | Found a bloodstained altar of Trog.
 10091 | D:9      | Reached skill level 2 in Fighting
 10354 | D:9      | Reached skill level 4 in Dodging
 10464 | D:9      | Reached skill level 3 in Fighting
 10496 | D:9      | Noticed RKaid's ghost (novice NaVM)
 10556 | D:9      | Gained mutation: Your magical capacity is low. (-10% MP) [evolution]
 10561 | D:9      | Noticed a two-headed ogre
 11160 | D:9      | Got a bone falchion
 11161 | D:9      | Identified the +10 falchion of Sin {slice, Int+2 Dex+4} (You found it on level 9 of the Dungeon)
 11190 | D:9      | Found a sparkling altar of Nemelex Xobeh.
 11424 | D:9      | Reached skill level 5 in Dodging
 11904 | D:8      | Found a shadowy altar of Dithmenos.
 11904 | D:8      | Found a bloodstained altar of Trog.
 12548 | D:9      | Reached skill level 4 in Fighting
 12788 | D:9      | HP: 13/52 [poisoned by RKaid's ghost (toxic radiance)]
 13012 | D:9      | Noticed Joseph
 13026 | D:10     | Entered Level 10 of the Dungeon
 13035 | D:10     | Reached XP level 10. HP: 57/57 MP: 11/17
 13097 | D:10     | Reached * piety under Sif Muna
 13318 | D:10     | Reached skill level 6 in Dodging
 13426 | D:10     | Reached skill level 5 in Fighting
 13765 | D:10     | Reached skill level 11 in Air Magic
 13828 | D:10     | Noticed Harold
 14064 | D:9      | Killed RKaid's ghost
 14064 | D:9      | Reached skill level 6 in Spellcasting
 14524 | D:9      | Found a staircase to the Orcish Mines.
 14548 | D:9      | Killed Joseph
 14548 | D:9      | Reached skill level 7 in Dodging
 14589 | D:9      | Gained mutation: You can translocate small distances at will. [evolution]
 14768 | D:10     | Killed Harold
 14768 | D:10     | Reached ** piety under Sif Muna
 14768 | D:10     | Reached skill level 6 in Fighting
 14978 | D:10     | Found a staircase to the Lair.
 15234 | D:10     | Noticed a death yak
 15236 | D:10     | Noticed a death yak
 15247 | D:10     | Reached XP level 11. HP: 65/65 MP: 10/19
 15370 | D:9      | Upgraded the game from 0.21-a0-538-gd16b88afdd to 0.21-a0-552-g593960dda5
 15409 | D:10     | Noticed a death yak
 15412 | D:10     | Reached skill level 11 in Conjurations
 15414 | D:10     | Killed a death yak
 15414 | D:10     | Reached skill level 8 in Dodging
 15576 | D:9      | Killed a death yak
 15576 | D:9      | Reached skill level 7 in Fighting
 15819 | D:9      | Killed a two-headed ogre
 16007 | D:10     | Gained mutation: You possess an exceptional clarity of mind. [evolution]
 16164 | D:10     | Killed a death yak
 16381 | D:11     | Noticed a four-headed hydra
 16411 | D:11     | Noticed a two-headed ogre
 16412 | D:11     | Killed a two-headed ogre
 16412 | D:11     | Reached skill level 9 in Dodging
 16412 | D:11     | Reached skill level 12 in Air Magic
 16566 | D:10     | Reached skill level 7 in Spellcasting
 16905 | D:11     | Reached skill level 8 in Fighting
 16910 | D:11     | Noticed a cyclops
 16931 | D:11     | Noticed Snorg
 17254 | D:11     | Noticed a skeletal warrior
 17254 | D:11     | Noticed a skeletal warrior
 17254 | D:11     | Noticed a skeletal warrior
 17294 | D:10     | Killed a skeletal warrior
 17457 | Lair:1   | Entered Level 1 of the Lair of Beasts
 17601 | Lair:1   | Reached *** piety under Sif Muna
 17601 | Lair:1   | Reached XP level 12. HP: 74/74 MP: 5/21
 17820 | Lair:1   | Got a faintly glowing robe
 17907 | Lair:1   | Identified the +2 robe of Insecurity {-Tele Str+7} (You found it on level 1 of the Lair of Beasts)
 19306 | Lair:3   | Noticed Rupert
 19327 | Lair:3   | Paralysed by Rupert for 3 turns
 19594 | Lair:3   | Found a staircase to the Shoals.
 20250 | Lair:3   | Reached skill level 12 in Conjurations
 20731 | Lair:4   | Reached skill level 10 in Dodging
 20732 | Lair:4   | Reached skill level 1 in Long Blades
 20747 | Lair:4   | Noticed a seven-headed hydra
 20761 | Lair:4   | Found a hole to the Spider Nest.
 21163 | Lair:4   | Killed a seven-headed hydra
 21163 | Lair:4   | Reached skill level 9 in Fighting
 21163 | Lair:4   | Reached skill level 2 in Long Blades
 21617 | Lair:4   | Reached skill level 3 in Long Blades
 22095 | Lair:4   | Noticed a death yak
 22097 | Lair:4   | Noticed a death yak
 22100 | Lair:4   | Killed a death yak
 22100 | Lair:4   | Killed a death yak
 22100 | Lair:4   | Reached skill level 4 in Long Blades
 22764 | Lair:5   | Reached skill level 8 in Spellcasting
 22862 | Lair:5   | Reached skill level 13 in Air Magic
 23297 | Lair:5   | Reached skill level 5 in Long Blades
 23470 | Lair:5   | Reached XP level 13. HP: 44/80 MP: 6/23
 23810 | Lair:5   | Reached **** piety under Sif Muna
 23810 | Lair:5   | Reached skill level 6 in Long Blades
 24380 | Lair:5   | Gained mutation: You rapidly evolve. [evolution]
 24647 | Lair:6   | Entered Level 6 of the Lair of Beasts
 24647 | Lair:6   | Noticed dricus's ghost (journeyman DDFi)
 24932 | Lair:6   | Killed dricus's ghost
 24932 | Lair:6   | Reached skill level 11 in Dodging
 25106 | Lair:6   | Learned a level 3 spell: Regeneration
 25110 | Lair:6   | Learned a level 3 spell: Spectral Weapon
 25122 | Lair:6   | Reached skill level 7 in Long Blades
 25490 | Lair:6   | Reached skill level 10 in Fighting
 26443 | Lair:6   | Found a runed door.
 26443 | Lair:6   | Noticed an azure jelly
 26446 | Lair:6   | Noticed an azure jelly
 26447 | Lair:6   | Noticed an azure jelly
 26450 | Lair:6   | Found a viscous altar of Jiyva.
 26450 | Lair:6   | Found a staircase to the Slime Pits.
 27071 | Lair:6   | Reached skill level 8 in Long Blades
 27312 | Lair:6   | Gained mutation: You are very agile. (Dex +4) [evolution]
 27409 | Lair:6   | Reached skill level 9 in Spellcasting
 27511 | Lair:6   | Noticed a fire dragon
 27611 | Lair:6   | Found a large runed door.
 27612 | Lair:6   | Found a large runed door.
 28106 | Lair:6   | Killed a fire dragon
 28106 | Lair:6   | Reached skill level 14 in Air Magic
 28286 | Lair:6   | Got a bloodstained scale mail
 28293 | Lair:6   | Identified the cursed +1 scale mail "Imeydab" {rF+ Int+4 Slay-3} (You found it on level 6 of the Lair of Beasts)
 28662 | D:10     | Gained mutation: You can fly continuously. [Tengu growth]
 28662 | D:10     | Reached XP level 14. HP: 73/88 MP: 8/25
 29015 | D:10     | Reached skill level 9 in Long Blades
 29071 | D:10     | Learned a level 2 spell: Song of Slaying
 29148 | D:11     | Found Ruchacsoseh's Serpentskin Sales.
 29387 | D:11     | Reached skill level 1 in Invocations
 29907 | D:11     | Killed Snorg
 30528 | Orc:1    | Entered Level 1 of the Orcish Mines
 30537 | Orc:1    | Reached skill level 2 in Invocations
 30856 | Orc:1    | Found a roughly hewn altar of Beogh.
 31044 | Orc:2    | Entered Level 2 of the Orcish Mines
 31044 | Orc:2    | Found a staircase to the Elven Halls.
 31053 | Orc:2    | Reached skill level 12 in Dodging
 31171 | Orc:2    | Noticed a stone giant
 31698 | Orc:2    | Reached ***** piety under Sif Muna
 31698 | Orc:2    | Reached skill level 11 in Fighting
 31698 | Orc:2    | Reached skill level 3 in Invocations
 31854 | Orc:2    | Paralysed by an orc sorcerer for 7 turns
 32156 | Orc:1    | Reached skill level 10 in Spellcasting
 32630 | Orc:1    | Reached skill level 4 in Invocations
 32819 | Orc:2    | Noticed an orc warlord
 32919 | Orc:1    | Learned a level 2 spell: Shroud of Golubria
 33381 | Orc:2    | Found Ymuhuy's Assorted Antiques.
 33386 | Orc:2    | Found Taighac's Assorted Antiques.
 33387 | Orc:2    | Found Exidatol's Antique Armour Shop.
 33439 | Orc:2    | Killed a stone giant
 33529 | Orc:2    | Received a gift from Sif Muna
 33889 | Orc:1    | Reached XP level 15. HP: 84/95 MP: 7/27
 34089 | Orc:2    | Found Keapucs's Jewellery Emporium.
 34303 | Orc:2    | Reached skill level 5 in Invocations
 34369 | Orc:2    | Killed an orc warlord
 34369 | Orc:2    | Reached skill level 13 in Dodging
 35557 | Orc:1    | Reached skill level 12 in Fighting
 35799 | Orc:2    | Found a staircase to the Elven Halls.
 35815 | Orc:2    | Found Taighac's Assorted Antiques.
 35817 | Orc:2    | Found Ymuhuy's Assorted Antiques.
 35928 | D:12     | Noticed Maurice
 35931 | D:12     | Killed Maurice
 36066 | D:12     | Lost mutation: You rapidly evolve. [decline of evolution]
 36110 | D:12     | Found a flagged portal.
 36119 | Bailey   | Entered a bailey
 36402 | Bailey   | Found the +8 Wrath of Trog {antimagic, *Rage}
 36852 | D:12     | RKaid: !ac 6
 36852 | D:12     | beem: 3.67 armour skill per 1 AC for 6 base AC
 36852 | D:12     | RKaid: !rng 1d20
 36852 | D:12     | beem: *beem* rolls 1d20 for 3
 36852 | D:12     | RKaid: !rng 1 2 3
 36852 | D:12     | beem: The RNG chooses: 3.
 36852 | D:12     | RKaid: !rng 1-3
 36852 | D:12     | beem: The RNG chooses: 1-3.
 36852 | D:12     | RKaid: !rng abc
 36852 | D:12     | beem: The RNG chooses: abc.
 36852 | D:12     | RKaid: !rng asdf fds gb fdi
 36852 | D:12     | beem: The RNG chooses: gb.
 36855 | D:12     | Reached skill level 4 in Armour
 36855 | D:12     | Reached skill level 3 in Shields
 36855 | D:12     | Reached skill level 2 in Charms
 36855 | D:12     | Reached XP level 16. HP: 101/101 MP: 28/28
 36960 | Orc:2    | Bought a buckler for 121 gold pieces
 36973 | Orc:2    | Bought a polished leather armour for 245 gold pieces
 36974 | Orc:2    | Identified the +1 leather armour of the Constellations {Slay+3} (You bought it in a shop on level 2 of the Orcish Mines)
 37952 | D:12     | Reached skill level 4 in Shields
 38217 | D:12     | Reached skill level 5 in Armour
 38217 | D:12     | Reached skill level 6 in Invocations
 38391 | D:13     | Identified a scroll of acquirement
 38425 | D:13     | Reached skill level 11 in Spellcasting
 38770 | D:13     | Noticed Nessos
 38774 | D:13     | Killed Nessos
 39024 | D:14     | Found a gate to the Vaults.
 39045 | D:13     | Reached skill level 6 in Armour
 39759 | D:14     | Reached skill level 7 in Armour
 40308 | D:14     | Gained mutation: Your spells are a little harder to cast, but a little more powerful. [evolution]
 40555 | D:14     | Received a gift from Sif Muna
 40555 | D:14     | Reached skill level 1 in Translocations
 40555 | D:14     | Reached skill level 7 in Invocations
 41043 | D:15     | Entered Level 15 of the Dungeon
 41067 | D:15     | Reached skill level 8 in Armour
 41113 | D:15     | Found a shattered altar of Ashenzari.
 41209 | D:14     | Reached XP level 17. HP: 108/108 MP: 18/30
 41357 | D:14     | Reached skill level 2 in Translocations
 41924 | D:15     | Got a brightly glowing scale mail
 42017 | D:15     | Noticed Josephine
 42021 | D:15     | Killed Josephine
 42186 | D:15     | Found a staircase to the Depths.
 42326 | D:15     | Reached skill level 9 in Armour
 42462 | D:15     | Identified the cursed +0 scale mail "Soeby" {Slay+3} (You found it on level 15 of the Dungeon)
 42650 | Orc:2    | Bought the ring "Casku Haano" {rPois Int+2} for 312 gold pieces
 42827 | Spider:1 | Entered Level 1 of the Spider Nest
 42995 | Spider:1 | HP: 19/108 [entropy weaver/rapier of electrocution (11)]
 43138 | Lair:4   | Reached skill level 13 in Fighting
 43274 | Spider:1 | Noticed Azrael
 43291 | Spider:1 | Killed Azrael
 44042 | Spider:1 | Reached skill level 10 in Armour
 44042 | Spider:1 | Reached skill level 8 in Invocations
 44219 | Spider:1 | Reached skill level 12 in Spellcasting
 45274 | Spider:2 | Noticed Arachne
 45354 | Spider:1 | Noticed Asterion
 45354 | Spider:1 | Upgraded the game from 0.21-a0-552-g593960dda5 to 0.21-a0-576-ge8bd8812df
 45370 | Spider:1 | Killed Asterion
 45370 | Spider:1 | Reached skill level 11 in Armour
 45485 | Spider:1 | RKaid: !ac 6
 45485 | Spider:1 | beem: 3.67 armour skill per 1 AC for 6 base AC
 45485 | Spider:1 | RKaid: !calc 3.67*3
 45485 | Spider:1 | beem: 11.01
 45485 | Spider:1 | RKaid: !calc 3.67*4
 45485 | Spider:1 | beem: 14.68
 45856 | Spider:2 | HP: 26/109 [Arachne/bolt of poison (16)]
 45860 | Spider:2 | Killed Arachne
 46384 | Spider:2 | Learned a level 2 spell: Poisonous Vapours
 46388 | Spider:2 | Learned a level 3 spell: Mephitic Cloud
 46393 | Spider:2 | Learned a level 4 spell: Olgreb's Toxic Radiance
 46627 | Spider:3 | Reached skill level 1 in Poison Magic
 46689 | Spider:3 | Reached skill level 9 in Invocations
 46881 | Spider:3 | Reached skill level 2 in Poison Magic
 46908 | Spider:3 | Reached skill level 12 in Armour
 47113 | Spider:3 | Received a gift from Sif Muna
 47139 | Spider:2 | Learned a level 4 spell: Summon Lightning Spire
 47626 | Spider:4 | Entered Level 4 of the Spider Nest
 47764 | Spider:4 | Reached XP level 18. HP: 108/116 MP: 30/31
 47766 | Spider:4 | Noticed Donald
 47902 | Spider:4 | Learned a level 4 spell: Passage of Golubria
 47986 | Spider:4 | Killed Donald
 48003 | Spider:4 | Reached skill level 3 in Poison Magic
 48504 | Spider:4 | Reached skill level 14 in Fighting
 48627 | Spider:4 | Reached skill level 4 in Poison Magic
 48791 | Spider:3 | Gained mutation: You are partially covered in icy blue scales. (AC +2) [evolution]
 48791 | Spider:3 | Lost mutation: You evolve. [end of evolution]
 48883 | Spider:4 | Reached skill level 5 in Shields
 49404 | Spider:4 | Got a gossamer rune of Zot
 49547 | Shoals:1 | Entered Level 1 of the Shoals
 49796 | Lair:3   | Found a staircase to the Shoals.
 49890 | Lair:3   | Killed Rupert
 49890 | Lair:3   | Reached skill level 5 in Poison Magic
 50500 | Shoals:1 | Reached skill level 6 in Shields
 50857 | Shoals:1 | Got a polished hat
 50859 | Shoals:1 | Identified the +2 hat "Hufewuat" {rN++ rCorr} (You acquired it on level 1 of the Shoals)
 51149 | Shoals:1 | Reached skill level 13 in Armour
 51336 | Shoals:1 | Reached skill level 6 in Poison Magic
 51739 | Shoals:2 | Reached skill level 10 in Invocations
 52090 | Shoals:2 | Noticed Jorgrun
 52105 | Shoals:2 | Killed Jorgrun
 52344 | Shoals:2 | Reached skill level 7 in Shields
 52879 | Shoals:3 | Found Ifuleirph's Magic Scroll Shoppe.
 53288 | Shoals:3 | Reached skill level 7 in Poison Magic
 53482 | Shoals:3 | Identified Sif Muna's Incunabulum of Attacks (Sif Muna gifted it to you on level 3 of the Shoals)
 53482 | Shoals:3 | Received a gift from Sif Muna
 54019 | Shoals:3 | Reached skill level 8 in Shields
 54262 | Shoals:3 | Reached XP level 19. HP: 121/121 MP: 25/32
 54747 | Shoals:3 | Reached skill level 9 in Shields
 54945 | Shoals:3 | Found Cogarch's General Store.
 55289 | Shoals:4 | Entered Level 4 of the Shoals
 55482 | Shoals:4 | HP: 30/121 [merfolk javelineer/steel javelin (27)]
 55932 | Shoals:3 | HP: 25/121 [sea snake (16)]
 56221 | Shoals:4 | Noticed Polyphemus
 56230 | Shoals:3 | Reached skill level 10 in Shields
 56686 | Shoals:4 | Reached skill level 1 in Polearms
 56691 | Shoals:4 | Reached skill level 2 in Polearms
 57075 | Shoals:3 | Reached skill level 3 in Polearms
 57440 | Shoals:4 | Got a scorched scale mail
 57450 | Shoals:4 | Identified the cursed +0 scale mail "Cocruh Pil" {-Cast *Slow Int+3 SInv} (You took it off a merfolk on level 4 of the Shoals)
 57815 | Shoals:3 | Reached skill level 4 in Polearms
 58256 | Shoals:4 | Reached skill level 1 in Summonings
 58366 | Shoals:4 | Killed Polyphemus
 58366 | Shoals:4 | Reached skill level 11 in Shields
 58625 | Shoals:4 | Found the +3 pair of gauntlets of War {Slay+5}
 58660 | Shoals:4 | Got a barnacled rune of Zot
 58687 | Shoals:4 | HP: 29/121 [water nymph/the raging water (31)]
 58702 | Shoals:4 | HP: 28/121 [wind drake/the air (15)]
 58732 | Shoals:4 | Reached skill level 2 in Summonings
 58762 | Shoals:4 | HP: 26/121 [merfolk/trident (13)]
 58763 | Shoals:4 | Reached skill level 5 in Polearms
 58766 | Shoals:4 | HP: 12/121 [merfolk impaler/trident (22)]
 58774 | Shoals:4 | HP: 19/121 [barbs]
 58940 | Shoals:4 | Noticed Ilsuiw
 58985 | Shoals:4 | Killed Ilsuiw
 59139 | Shoals:4 | Noticed Kirke
 59147 | Shoals:4 | Killed Kirke
 59480 | Shoals:4 | Reached skill level 6 in Polearms
 60190 | Vaults:1 | Entered Level 1 of the Vaults
 60269 | Vaults:1 | HP: 21/121 [ice dragon/blast of cold (36)]
 60276 | Vaults:1 | HP: 26/121 [ice dragon (11)]
 60446 | Vaults:1 | Reached skill level 7 in Polearms
 60497 | Vaults:1 | Reached skill level 12 in Shields
 60549 | Vaults:1 | Found a flickering gateway to a bazaar.
 60575 | Bazaar   | Entered a bazaar
 60593 | Bazaar   | Found Iniphuw's Distillery.
 60614 | Bazaar   | Found Plog's Gadget Shop.
 60634 | Bazaar   | Found Peabb's Distillery.
 60654 | Bazaar   | Found Wishrylu's Gadget Shop.
 60682 | Bazaar   | Bought a potion of might for 32 gold pieces
 60682 | Bazaar   | Bought a potion of haste for 80 gold pieces
 60682 | Bazaar   | Bought a potion of might for 32 gold pieces
 60682 | Bazaar   | Bought 2 potions of brilliance for 64 gold pieces
 60682 | Bazaar   | Bought a potion of curing for 24 gold pieces
 60682 | Bazaar   | Bought a potion of agility for 32 gold pieces
 60682 | Bazaar   | Bought a potion of haste for 80 gold pieces
 60700 | Bazaar   | Bought a wand of digging (11) for 480 gold pieces
 60724 | Bazaar   | Bought a potion of mutation for 104 gold pieces
 60998 | Vaults:1 | Reached XP level 20. HP: 93/128 MP: 24/33
 61333 | Vaults:1 | Reached skill level 8 in Polearms
 61832 | Vaults:1 | Reached skill level 9 in Polearms
 62127 | Vaults:1 | HP: 25/128 [frost giant/battleaxe of freezing (17)]
 62134 | Vaults:1 | HP: 18/128 [frost giant/battleaxe of freezing (23)]
 62143 | Vaults:1 | HP: 7/128 [frost giant/bolt of cold (22)]
 62444 | Vaults:1 | Got a steaming leather armour
 62503 | Vaults:1 | Reached skill level 13 in Shields
 63180 | D:6      | Bought a potion of heal wounds for 120 gold pieces
 63198 | D:6      | Bought a potion of heal wounds for 70 gold pieces
 63236 | D:6      | Bought a potion of heal wounds for 55 gold pieces
 63373 | Vaults:1 | Identified the cursed +0 leather armour "Nougios" {rPois rF+ rC+ Dex+2} (You took it off a deep elf archer on level 1 of the Vaults)
 63894 | Vaults:1 | Upgraded the game from 0.21-a0-576-ge8bd8812df to 0.21-a0-581-gb7d493ddfc
 63948 | Vaults:2 | Reached skill level 10 in Polearms
 64381 | Vaults:2 | Noticed Sojobo
 64404 | Vaults:2 | HP: 22/128 [battlesphere[Sojobo] (9)]
 65725 | Vaults:2 | HP: 30/128 [battlesphere[Sojobo] (12)]
 65730 | Vaults:2 | HP: 15/128 [air elemental/tornado[Sojobo] (7)]
 66178 | Elf:1    | Entered Level 1 of the Elven Halls
 66611 | Elf:1    | Noticed Agnes
 66622 | Elf:1    | Killed Agnes
 66913 | Elf:1    | Identified Sif Muna's Catalogue of Enchanting Dislocation (Sif Muna gifted it to you on level 1 of the Elven Halls)
 66913 | Elf:1    | Received a gift from Sif Muna
 66932 | Elf:1    | Reached skill level 15 in Fighting
 67421 | Elf:1    | Reached skill level 11 in Polearms
 67676 | Elf:1    | Reached skill level 14 in Shields
 67676 | Elf:1    | Reached XP level 21. HP: 134/134 MP: 31/34
 68109 | Elf:2    | Reached skill level 3 in Translocations
 68794 | Elf:2    | Reached skill level 13 in Spellcasting
 68805 | Elf:2    | Found a runed gate.
 68805 | Elf:2    | Found a runed gate.
 68806 | Elf:2    | Found a runed gate.
 69030 | Elf:3    | Entered Level 3 of the Elven Halls
 69151 | Elf:3    | Reached skill level 4 in Translocations
 69936 | Elf:2    | HP: 8/134 [deep elf annihilator/crystal spear (48)]
 69940 | Elf:2    | Killed from afar by a deep elf annihilator

Vault maps used:
D:1:      mushboom_english_gardens, minmay_three_crescents
D:2:      lemuel_coloured_pillars_altar, st_stairs_6
D:3:      tso_metal_star, first_bread, tgw_xom
D:5:      nicolae_overflow_crystal_walls, basic_altar, uniq_edmund
D:6:      serial_shops, nicolae_shop_waterfront, kennysheep_mini_moat, shop,
          kennysheep_mini, shop, uniq_prince_ribbit1
D:7:      nicolae_overflow_hidden_temple, minmay_temple_entry_glass,
          kb_lookout_dungeons_type
D:8:      gammafunk_temple_overflow_elements
D:9:      nemelex_xobeh_ov_fountains_minmay, orc_0_dummy, uniq_joseph
D:10:     dpeg_lair_monsters, serial_undead, serial_undead_a, serial_undead_a,
          serial_undead_c, serial_undead_e, uniq_harold
D:11:     portal_ice_cave_entry_ice_beasts, hangedman_pestilent_swarm,
          guppyfry_shop_venom, uniq_snorg
D:12:     enter_bailey_2, uniq_maurice
D:13:     serial_glass, glass_columns_a, glass_columns_b, uniq_nessos
D:14:     minmay_open_boxes_in_corner, david_vaults_3, minmay_misc_feat_tiny
D:15:     grunt_enter_depths_snipers, minivault_19, evilmike_ruin_ashenzari,
          uniq_josephine
Temple:   regret_index_temple_waves
Lair:1:   fungi_pond_lemuel
Lair:2:   grunt_megastairs_5
Lair:3:   minmay_shoals_entry_centaurs, minivault_11, uniq_rupert
Lair:4:   spider_nest_entry_webs, beast_lair_carwin_3
Lair:5:   kennysheep_basilisk_garden
Lair:6:   cheibrodos_lair_end_hotspot, slime_altar_2, serial_bayou_crossing
Shoals:2: uniq_jorgrun
Shoals:3: serial_shops, shop, shop
Shoals:4: shoals_end_simple, shoals_ilsuiw_alternative, uniq_kirke,
          uniq_polyphemus
Spider:1: uniq_asterion, uniq_azrael
Spider:2: uniq_arachne
Spider:4: grunt_spider_rune_parallel, uniq_donald
Orc:1:    nicolae_orc_accident_1, basic_altar
Orc:2:    st_orc_open
Elf:1:    eino_elf_arrival_customs, hangedman_elven_crosses_minicolossus,
          grunt_megastairs_2, uniq_agnes
Elf:2:    grunt_ministairs_7
Elf:3:    grunt_elf_hall_branching
Vaults:1: v_misc_27, nicolae_vaults_c_with_doors, serial_ice_g,
          grunt_vaults_swirl, ontoclasm_vaults_decontamination,
          nicolae_vaults_border_crossing, v_misc_2,
          nicolae_vaults_circle_grid_a, vaults_room_grunt_arrival_ludios,
          serial_shops, bzr_in_the_mist
Vaults:2: v_misc_10, vaults_room_stairs_pillars, vaults_room_stairs_pillars,
          vaults_room_stairs_pillars, v_misc_30, uniq_sojobo
Bazaar:   dpeg_bazaar_wands
Bailey:   bailey_polearm_flooded_kennysheep, bailey

Skill      XL: |  1  2  3  4  5  6  7  8  9 10 11 12 13 14 15 16 17 18 19 20 21 |
---------------+----------------------------------------------------------------+-----
Conjurations   | 2 3 4 5 7 9 10 11 12 | 12.0
Air Magic      | 5 6 7 8 10 11 12 13 14 | 14.0
Spellcasting   | 3 4 5 6 7 8 9 10 11 12 13 | 13.2
Fighting       | 4 6 8 9 10 11 12 13 14 15 | 15.0
Dodging        | 5 7 9 10 11 12 13 | 13.3
Long Blades    | 5 8 9 |  9.0
Invocations    | 4 5 7 9 10 | 10.0
Armour         | 4 8 12 13 | 13.3
Shields        | 3 4 8 12 14 | 14.9
Charms         | 2 |  2.0
Translocations | 1 2 4 |  4.0
Poison Magic   | 2 7 |  7.5
Polearms       | 7 11 | 11.8
Summonings     | 2 |  2.0
Stealth        | |  2.0

Action                   |  1- 3 |  4- 6 |  7- 9 | 10-12 | 13-15 | 16-18 | 19-21 || total
-------------------------+-------+-------+-------+-------+-------+-------+-------++-------
Melee: Quarterstaff      |     1 |     1 |    53 |       |       |       |       ||    55
       Kick              |       |       |    21 |    58 |   136 |   384 |   237 ||   836
       Peck              |       |       |    19 |    32 |    84 |   239 |   140 ||   514
       Falchion          |       |       |     5 |   135 |   293 |   822 |     5 ||  1260
       Demon trident     |       |       |       |       |       |       |   899 ||   899
 Cast: Shock             |    95 |   134 |   249 |   322 |   408 |   492 |   194 ||  1894
       Static Discharge  |       |     2 |    24 |     9 |    26 |    51 |     3 ||   115
       Airstrike         |       |     1 |    27 |     6 |    26 |    10 |    24 ||    94
       Lightning Bolt    |       |       |     1 |    66 |   154 |   126 |   134 ||   481
       Regeneration      |       |       |       |       |     4 |     2 |     9 ||    15
       Shroud of Golubri |       |       |       |       |    18 |    33 |     9 ||    60
       Spectral Weapon   |       |       |       |       |     2 |     8 |     3 ||    13
       Song of Slaying   |       |       |       |       |       |     1 |       ||     1
       Summon Lightning  |       |       |       |       |       |    37 |    95 ||   132
       Poisonous Vapours |       |       |       |       |       |     3 |     2 ||     5
       Mephitic Cloud    |       |       |       |       |       |     2 |     3 ||     5
       Olgreb's Toxic Ra |       |       |       |       |       |     1 |    12 ||    13
       Passage of Golubr |       |       |       |       |       |       |     1 ||     1
Invok: Divine Energy     |       |       |       |     1 |     1 |       |       ||     2
       Stop Divine Energ |       |       |       |       |     1 |       |       ||     1
       Channel Magic     |       |       |       |       |       |       |     4 ||     4
 Abil: Fly               |       |       |     5 |    16 |    11 |     2 |     6 ||    40
       Blink             |       |       |       |     3 |     5 |     7 |    13 ||    28
       Stop Flying       |       |       |       |       |     1 |     3 |     5 ||     9
Evoke: Wand              |       |       |       |    17 |     1 |    13 |    16 ||    47
       Sack of spiders   |       |       |       |       |       |       |     1 ||     1
  Use: Scroll            |       |    15 |     3 |    14 |     7 |    15 |    17 ||    71
       Potion            |       |       |     1 |       |     2 |     2 |     9 ||    14
 Stab: Sleeping          |       |       |     1 |     5 |       |     4 |     2 ||    12
       Distracted        |       |       |       |     1 |       |     8 |    15 ||    24
       Petrified         |       |       |       |       |       |       |     4 ||     4
  Eat: Chunk             |     5 |     7 |    16 |    27 |    36 |    43 |    48 ||   182
       Buggy jelly       |       |     1 |     2 |     3 |       |     4 |       ||    10
       Buggy fruit       |       |       |    10 |     2 |    10 |       |       ||    22
       Buggy ration      |       |       |     1 |     4 |     5 |     1 |       ||    11
       Ration            |       |       |       |       |       |     3 |     5 ||     8
Armor: Robe              |     3 |     5 |     4 |       |       |       |       ||    12
       Leather armour    |       |       |    23 |    64 |    16 |       |    42 ||   145
       Troll leather arm |       |       |       |       |    31 |   199 |    84 ||   314
Dodge: Dodged            |    30 |    22 |    56 |   276 |   590 |  1154 |   624 ||  2752
Block: Buckler           |       |       |       |       |       |   233 |       ||   233
       Shield            |       |       |       |       |       |   246 |   590 ||   836
       Reflection        |       |       |       |       |       |    47 |   118 ||   165
       Rpst.: Falchion   |       |       |     2 |    58 |   132 |   229 |     1 ||   422

Table legend:
 A = Spawn XP
 B = Non-spawn XP
 C = Spawn XP percentage of total XP
 D = Spawn monster count
 E = Non-spawn monster count
 F = Spawn count percentage of total count
 G = Total turns spent on level
                    A         B        C        D         E        F      G
               +---------+---------+-------+---------+---------+-------+---------
         Total |       0 |  495246 |   0.0 |       0 |    1456 |   0.0 | 69940
               +---------+---------+-------+---------+---------+-------+---------
           D:1 |       0 |      54 |   0.0 |       0 |      27 |   0.0 |  1609
           D:2 |       0 |      50 |   0.0 |       0 |      20 |   0.0 |   826
           D:3 |       0 |     160 |   0.0 |       0 |      19 |   0.0 |  1343
           D:4 |       0 |     267 |   0.0 |       0 |      18 |   0.0 |  1103
           D:5 |       0 |     561 |   0.0 |       0 |      15 |   0.0 |  1278
           D:6 |       0 |     437 |   0.0 |       0 |      11 |   0.0 |   865
           D:7 |       0 |    1218 |   0.0 |       0 |      16 |   0.0 |  1914
           D:8 |       0 |     862 |   0.0 |       0 |      23 |   0.0 |  3379
           D:9 |       0 |    4555 |   0.0 |       0 |      31 |   0.0 |  2759
          D:10 |       0 |   10400 |   0.0 |       0 |      58 |   0.0 |  3328
          D:11 |       0 |    8002 |   0.0 |       0 |      33 |   0.0 |  1569
          D:12 |       0 |    6915 |   0.0 |       0 |      50 |   0.0 |  1475
          D:13 |       0 |    8124 |   0.0 |       0 |      28 |   0.0 |  1373
          D:14 |       0 |   15933 |   0.0 |       0 |      50 |   0.0 |  1848
          D:15 |       0 |   11899 |   0.0 |       0 |      37 |   0.0 |  1095
        Lair:1 |       0 |    2108 |   0.0 |       0 |      13 |   0.0 |   940
        Lair:2 |       0 |    1002 |   0.0 |       0 |       6 |   0.0 |  1013
        Lair:3 |       0 |    5113 |   0.0 |       0 |      14 |   0.0 |  2319
        Lair:4 |       0 |    8684 |   0.0 |       0 |      22 |   0.0 |  2185
        Lair:5 |       0 |    8137 |   0.0 |       0 |      30 |   0.0 |  2382
        Lair:6 |       0 |   14351 |   0.0 |       0 |      42 |   0.0 |  3218
      Shoals:1 |       0 |   15993 |   0.0 |       0 |      38 |   0.0 |  1670
      Shoals:2 |       0 |   11408 |   0.0 |       0 |      19 |   0.0 |  2265
      Shoals:3 |       0 |   38144 |   0.0 |       0 |      75 |   0.0 |  4125
      Shoals:4 |       0 |   33872 |   0.0 |       0 |      65 |   0.0 |  1751
      Spider:1 |       0 |   24012 |   0.0 |       0 |      55 |   0.0 |  2263
      Spider:2 |       0 |   13288 |   0.0 |       0 |      28 |   0.0 |  1648
      Spider:3 |       0 |   15186 |   0.0 |       0 |      44 |   0.0 |  1158
      Spider:4 |       0 |   27195 |   0.0 |       0 |      67 |   0.0 |  1458
         Orc:1 |       0 |   17564 |   0.0 |       0 |      76 |   0.0 |  3492
         Orc:2 |       0 |   19922 |   0.0 |       0 |      74 |   0.0 |  2145
         Elf:1 |       0 |   32972 |   0.0 |       0 |      55 |   0.0 |  2123
         Elf:2 |       0 |   29174 |   0.0 |       0 |      50 |   0.0 |   857
         Elf:3 |       0 |   16340 |   0.0 |       0 |      24 |   0.0 |   782
      Vaults:1 |       0 |   66948 |   0.0 |       0 |     136 |   0.0 |  3854
      Vaults:2 |       0 |   22078 |   0.0 |       0 |      48 |   0.0 |  1511
        Bailey |       0 |    2318 |   0.0 |       0 |      39 |   0.0 |   720
               +---------+---------+-------+---------+---------+-------+---------

Table legend:
 A = Turns spent in this place as a percentage of turns spent in the entire game.
 B = Non-inter-level travel turns spent in this place as a percentage of non-inter-level travel turns spent in the entire game.
 C = Inter-level travel turns spent in this place as a percentage of turns spent in this place.
 D = Turns resting spent in this place as a percentage of non-inter-level travel turns spent in this place.
 E = Turns spent auto-exploring this place as a percentage of non-inter-level travel turns spent in this place.
 F = Non-inter-level travel turns spent in this place divided by the number of levels of this place that you've seen.
                   A       B       C       D       E      F
               +-------+-------+-------+-------+-------+----------------------
         Total | 100.0 | 100.0 |   6.7 |  44.7 |  29.9 | 1673.8
       Dungeon |  36.8 |  36.5 |   7.6 |  42.0 |  35.8 | 1587.9
        Temple |   0.2 |   0.2 |   9.2 |   0.0 |  92.4 | 118.0
          Lair |  17.2 |  17.4 |   5.8 |  50.5 |  30.4 | 1892.3
        Shoals |  14.0 |  14.0 |   6.9 |  50.4 |  23.7 | 2282.8
   Spider Nest |   9.3 |   9.4 |   5.9 |  42.6 |  27.0 | 1536.2
  Orcish Mines |   8.1 |   7.9 |   7.9 |  49.3 |  17.7 | 2594.5
   Elven Halls |   5.4 |   5.6 |   2.8 |  40.2 |  32.6 | 1219.0
        Vaults |   7.7 |   7.6 |   7.2 |  42.3 |  25.5 | 2490.5
        Bazaar |   0.2 |   0.3 |   0.0 |   0.0 |  34.1 | 167.0
        Bailey |   1.0 |   1.1 |   0.0 |  11.8 |  23.9 | 720.0
               +-------+-------+-------+-------+-------+----------------------

Table legend:
 A = Kills in this place as a percentage of kills in entire the game.
 B = Kills by you in this place as a percentage of kills by you in the entire game.
 C = Kills by friends in this place as a percentage of kills by friends in the entire game.
 D = Other kills in this place as a percentage of other kills in the entire game.
 E = Experience gained in this place as a percentage of experience gained in the entire game.
 F = Experience gained in this place divided by the number of levels of this place that you have seen.
                   A       B       C       D       E      F
               +-------+-------+-------+-------+-------+----------------------
         Total | 100.0 | 100.0 | 100.0 | 100.0 | 100.0 | 12698.6
       Dungeon |  29.9 |  32.6 |   0.0 |   0.0 |  14.0 | 4629.1
          Lair |   8.7 |   9.5 |   0.0 |   0.0 |   8.0 | 6565.8
        Shoals |  13.5 |  10.4 |  49.5 |  44.4 |  20.1 | 24854.2
   Spider Nest |  13.3 |  13.4 |  13.9 |   5.6 |  16.1 | 19920.2
  Orcish Mines |  10.3 |  11.2 |   0.0 |   0.0 |   7.6 | 18743.0
   Elven Halls |   8.9 |   8.3 |  14.9 |  16.7 |  15.8 | 26162.0
        Vaults |  12.6 |  11.7 |  21.8 |  33.3 |  18.0 | 44513.0
        Bailey |   2.7 |   2.9 |   0.0 |   0.0 |   0.5 | 2318.0
               +-------+-------+-------+-------+-------+----------------------
